 Dungeon Crawl Stone Soup version 0.24-a0-181-gd121a6d (webtiles) character file.

Game seed: 10888308207396796577

219 silenth the Sneak (level 5, -1/37 HPs)
             Began as an Octopode Fighter on Mar 14, 2019.
             Slain by an orc wizard
             ... wielding a +0 dagger
              (6 damage)
             ... on level 4 of the Dungeon.
             The game lasted 00:06:24 (3024 turns).

silenth the Sneak (Octopode Fighter)                Turns: 3024, Time: 00:06:24

Health: -1/37      AC:  1    Str: 16    XL:     5   Next: 96%
Magic:  5/5        EV: 11    Int: 10    God:
Gold:   177        SH:  8    Dex: 12    Spells: 4/4 levels left

rFire    . . .     SeeInvis .   a - +1 war axe
rCold    . . .     Gourm    .   b - +0 shield
rNeg     . . .     Faith    .   (helmet restricted)
rPois    .         Spirit   .   n - amulet of the acrobat
rElec    .         Reflect  .   m - ring of protection from magic
rCorr    .         Harm     .   (no ring)
MR       +....                  (no ring)
Stlth    ++++......             (no ring)
HPRegen  0.12/turn              (no ring)
MPRegen  0.09/turn              (no ring)
                                (no ring)
                                (no ring)

@: lightly drained
A: almost no armour, stealthy swim, amphibious, 8 rings, constrict 8, camouflage
1, gelatinous body 1
a: no special abilities


You were on level 4 of the Dungeon.
You were near starving.

You visited 1 branch of the dungeon, and saw 4 of its levels.

You collected 177 gold pieces.

Inventory:

Hand Weapons
 a - a +1 war axe (weapon)
 k - a +0 flail
Armour
 b - a +0 shield (worn)
Jewellery
 f - an uncursed amulet of rage {unknown}
 m - a ring of protection from magic (left tentacle)
 n - an amulet of the acrobat (around mantle)
Wands
 l - a wand of flame (13)
Scrolls
 d - a scroll of teleportation
 i - 2 scrolls of identify
 o - a scroll of enchant armour {unknown}
 q - a scroll of immolation {unknown}
Potions
 c - a potion of might
 g - a potion of cancellation
 h - 3 potions of heal wounds {unknown}
 j - 2 potions of agility
 p - a potion of haste {unknown}
Comestibles
 e - 5 rations


   Skills:
 + Level 3.8(3.6) Fighting
 * Level 4.1(3.8) Axes
 - Level 3.0(2.7) Dodging
 * Level 4.8(4.6) Stealth
 - Level 3.0(2.7) Shields


You had 4 spell levels left.
You didn't know any spells.
Your spell library was empty.

Dungeon Overview and Level Annotations

Branches:
Dungeon (4/15)
 Temple: D:4-7

Altars:
Dithmenos
Elyvilon
Fedhas
Qazlal
Sif Muna
Trog
Yredelemnul


Innate Abilities, Weirdness & Mutations

You cannot wear most types of armour.
You are very stealthy in the water. (Stealth+)
You are amphibious.
You can wear up to eight rings at the same time.
You can use your tentacles to constrict eight enemies at once.
Your skin changes colour to match your surroundings (Stealth+).
Your rubbery body absorbs attacks. (AC +1, EV +1)


Message History

You miss something. Something hits you.
You miss something.
You hear some strange, mumbled words.
A magic dart appears from out of thin air!
The magic dart hits you! Something hits you.
* * * LOW HITPOINT WARNING * * *
You completely miss something. You block something's attack.
You barely miss something. Something hits you but does no damage.
You hear some strange, mumbled words.
A puff of flame appears from out of thin air!
You block the puff of flame.
Your shield prevents you from hitting something.
Something hits you.
* * * LOW HITPOINT WARNING * * *
You barely miss something. Something hits you.
* * * LOW HITPOINT WARNING * * *
You miss something. Something hits you.
* * * LOW HITPOINT WARNING * * *
Something hits you.
You die...

#.# ..#$ ### #.#
....#+# #.# #.#
#..... #.#
#.####### #.....
#.#####.......#
#.....
#........####.#
#?.... #.######.#
#.....##.#.####.#
#....o{@.#<.....#
#.....###########
....... ###....
+.... #.... #....
#....


You could see an orc.

Vanquished Creatures
  A crimson imp (D:3)
  A centaur skeleton (D:3)
  Natasha (D:3)
  5 adders (D:3)
  2 oozes
  A worm (D:3)
  2 dart slugs (D:1)
  2 leopard geckos
  8 orcs
  A giant cockroach (D:2)
  4 goblins
  10 hobgoblins
  2 quokkas (D:2)
  2 ball pythons
  6 bats
  2 frilled lizards
  11 kobolds
  5 rats
66 creatures vanquished.

Notes
Turn   | Place    | Note
-------+----------+-------------------------------------------
     0 | D:1      | silenth the Octopode Fighter began the quest for the Orb.
     0 | D:1      | Reached XP level 1. HP: 16/16 MP: 1/1
    29 | D:1      | Reached skill level 1 in Stealth
    33 | D:1      | Reached XP level 2. HP: 20/21 MP: 2/2
   375 | D:1      | Reached skill level 2 in Stealth
   477 | D:1      | Reached XP level 3. HP: 25/26 MP: 3/3
   878 | D:2      | Found a shadowy altar of Dithmenos.
   922 | D:2      | Found a blossoming altar of Fedhas.
  1021 | D:2      | Found a basalt altar of Yredelemnul.
  1220 | D:2      | Found a stormy altar of Qazlal.
  1248 | D:2      | Found a white marble altar of Elyvilon.
  1312 | D:2      | Found a bloodstained altar of Trog.
  1338 | D:2      | Reached skill level 3 in Axes
  1600 | D:2      | Found a deep blue altar of Sif Muna.
  1797 | D:3      | Reached skill level 3 in Stealth
  1797 | D:3      | Reached XP level 4. HP: 27/31 MP: 4/4
  1811 | D:3      | Noticed Natasha
  1818 | D:3      | Killed Natasha
  2164 | D:3      | Reached XP level 5. HP: 36/36 MP: 5/5
  2175 | D:3      | Reached skill level 4 in Stealth
  2964 | D:3      | Reached skill level 4 in Axes
  3024 | D:4      | Slain by an orc wizard

Levels and vault maps discovered:
D:1:      elethiomel_arrival_quiet, layout_basic
D:2:      layout_basic, lemuel_crystal_altar, lemuel_blue_sif_altar,
          marbit_many_paths, grunt_qazlal_sundering,
          nicolae_dithmenos_shadow_blocks, elyvilon_altar_5, trog_butcher_becter
D:3:      layout_basic, uniq_natasha
D:4:      layout_basic, nicolae_overflow_crystal_walls, first_ration

Skill      XL: |  1  2  3  4  5 |
---------------+----------------+-----
Stealth        | 1 2 3 4 |  4.8
Axes           | 3 4 |  4.1
Fighting       | |  3.8
Dodging        | |  3.0
Shields        | |  3.0

Action                   |  1- 3 |  4- 6 || total
-------------------------+-------+-------++-------
Melee: War axe           |    61 |    64 ||   125
       Tentacles         |    12 |     9 ||    21
       Constrict         |    18 |    12 ||    30
  Use: Scroll            |     9 |       ||     9
 Stab: Sleeping          |     8 |     4 ||    12
       Distracted        |       |     1 ||     1
  Eat: Chunk             |     2 |     3 ||     5
Armor: Skin              |     6 |     2 ||     8
Dodge: Dodged            |    19 |    33 ||    52
Block: Shield            |    17 |    21 ||    38

Table legend:
 A = Non-vault XP
 B = Vault XP
 C = Vault XP percentage of total XP
 D = Non-vault monster count
 E = Vault monster count
 F = Vault count percentage of total count
                 A         B        C        D         E       F
            +---------+---------+-------+---------+---------+-------
      Total |     268 |      45 |  14.4 |      60 |       6 |   9.1
            +---------+---------+-------+---------+---------+-------
        D:1 |      47 |       0 |   0.0 |      24 |       0 |   0.0
        D:2 |      16 |       9 |  36.0 |       8 |       5 |  38.5
        D:3 |     199 |      36 |  15.3 |      26 |       1 |   3.7
        D:4 |       6 |       0 |   0.0 |       2 |       0 |   0.0
            +---------+---------+-------+---------+---------+-------
